 Dungeon Crawl Stone Soup version 0.29-a0-419-g77450f2105 (webtiles) character file.

Game seed: 8615079280242722058

137 Bruhh the Cudgeller (level 5, -3/41 HPs)
             Began as a Formicid Fighter on May 18, 2022.
             Slain by a harpy (14 damage)
             ... on level 3 of the Dungeon.
             The game lasted 00:02:35 (1837 turns).

Bruhh the Cudgeller (Formicid Fighter)              Turns: 1837, Time: 00:02:35

Health: -3/41      AC:  6    Str: 22    XL:     5   Next: 44%
Magic:  5/5        EV:  9    Int:  8    God:
Gold:   175        SH:  4    Dex: 10    Spells: 4/4 levels left

rFire   . . .      SeeInvis +   a - +0 flail
rCold   . . .      Faith    .   c - +0 buckler
rNeg    . . .      Spirit   .   b - +0 scale mail
rPois   .          Reflect  .   (helmet unavailable)
rElec   .          Harm     .   (no cloak)
rCorr   .          Rampage  .   (no gloves)
Will    .....                   (no boots)
Stlth   ..........              (no amulet)
HPRegen 0.13/turn               (no ring)
MPRegen 0.09/turn               (no ring)

@: brilliant
A: permanent stasis, dig shafts and tunnels, antennae 3, four strong arms
a: Dig, Shaft Self


You were on level 3 of the Dungeon.
You visited 1 branch of the dungeon, and saw 3 of its levels.

You collected 175 gold pieces.

Inventory:

Hand Weapons
 a - a +0 flail (weapon)
Armour
 b - a +0 scale mail (worn)
 c - a +0 buckler (worn)
Jewellery
 d - an amulet of regeneration
Wands
 q - a wand of polymorph (4)
Scrolls
 f - 2 scrolls of magic mapping {unknown}
 h - a scroll of vulnerability {unknown}
 i - a scroll of brand weapon {unknown}
 l - 2 scrolls of teleportation {unknown}
 m - a scroll of silence {unknown}
 n - a scroll of noise {unknown}
 p - a scroll of summoning {unknown}
Potions
 k - a potion of flight {unknown}
 o - a potion of curing {unknown}


   Skills:
 - Level 3.2 Fighting
 + Level 5.2 Maces & Flails
 - Level 3.2 Armour
 - Level 4.0 Shields


You had 4 spell levels left.
You didn't know any spells.
Your spell library was empty.

Dungeon Overview and Level Annotations

Branches:
Dungeon (3/15)

Altars:


Innate Abilities, Weirdness & Mutations

You cannot be hasted, slowed, berserked, paralysed or teleported.
You can dig through walls and to a lower floor.
You have a pair of large antennae on your head. (SInv)
Your four strong arms can wield two-handed weapons with a shield.


Message History

The living lightning hits you.
The raiju blinks!
You see here a +0 giant club.
You see here a +0 giant club.
You closely miss the raiju.
The raiju is moderately wounded.
The raiju bites you but does no damage.
You thump the raiju!
The raiju is heavily wounded.
The raiju bursts into living lightning!
The living lightning hits you!!
Ouch! That really hurt!
The raiju blinks!
The raiju bursts into living lightning!
The living lightning hits you!
* * * LOW HITPOINT WARNING * * *
The raiju blinks!
Aiming: Polymorph
Press: ? - help, Shift-Dir - straight line, f/p - raiju
Aim: a raiju (heavily wounded, will become a polar bear, a harpy, or a golden eye, chance to affect: 49%)
The raiju evaporates and reforms as a harpy!
The harpy claws you but does no damage. The harpy claws you!
* * * LOW HITPOINT WARNING * * *
It was a potion of brilliance.
You feel clever all of a sudden. The harpy claws you but does no damage.
The harpy barely misses you. The harpy closely misses you.
The harpy barely misses you.
It was a potion of magic.
Magic courses through your body.
The harpy screeches!
The harpy closely misses you. The harpy claws you but does no damage.
It was a potion of heal wounds.
You feel much better.
The harpy screeches!
The harpy closely misses you. The harpy claws you.
You barely miss the harpy.
The harpy is moderately wounded.
The harpy barely misses you. The harpy claws you but does no damage.
The harpy screeches!
The harpy claws you!
* * * LOW HITPOINT WARNING * * *
You block the harpy's attack. The harpy claws you!
You die...

#...###..)..[.#
###..#.######.#
#.#.## #.#
#.#.#######.##
#..........#.##
#.#######.###.##
#.# #.## ##.#
#.# ##.###.##
#.#######@H#.##
#.#...).....##
..#.#######.#
### #.# #.# #.#
#.# #.# #.#


You could see a harpy.

Vanquished Creatures
  Terence (D:2)
  3 gnolls (D:2)
  3 adders (D:2)
  A worm (D:2)
  3 ball pythons
  3 endoplasms
  A giant cockroach (D:2)
  6 hobgoblins
  6 jackals
  3 kobolds
  A quokka (D:1)
  9 bats
  A frilled lizard (D:1)
  5 goblins
  8 rats
54 creatures vanquished.

Notes
Turn   | Place    | Note
-------+----------+-------------------------------------------
     0 | D:1      | Bruhh the Formicid Fighter began the quest for the Orb.
     0 | D:1      | Reached XP level 1. HP: 18/18 MP: 1/1
   167 | D:1      | Reached XP level 2. HP: 24/24 MP: 2/2
   224 | D:1      | Found a faded altar of an unknown god.
   375 | D:1      | Reached skill level 3 in Maces & Flails
   755 | D:2      | Noticed Terence
   765 | D:2      | Killed Terence
   766 | D:2      | Reached XP level 3. HP: 26/29 MP: 3/3
   840 | D:2      | Reached skill level 4 in Maces & Flails
   840 | D:2      | Reached XP level 4. HP: 34/35 MP: 4/4
  1075 | D:2      | Reached XP level 5. HP: 35/41 MP: 5/5
  1354 | D:2      | Reached skill level 5 in Maces & Flails
  1815 | D:3      | Noticed an ogre
  1819 | D:3      | Noticed a raiju
  1819 | D:3      | an ogre changed into a raiju
  1832 | D:3      | Noticed a harpy
  1832 | D:3      | a raiju changed into a harpy
  1832 | D:3      | HP: 1/41 [harpy (10)]
  1837 | D:3      | Slain by a harpy

Illustrated notes

Levels and vault maps discovered:
D:1:      enne_arrival_octagon_isle, layout_basic, ebering_ecumenical_altar_rust
D:2:      layout_basic, minmay_mini_jars, uniq_terence
D:3:      layout_loops_ring, uniq_robin, uniq_sigmund, uniq_natasha

Skill      XL: |  1  2  3  4  5 |
---------------+----------------+-----
Maces & Flails | 3 4 5 |  5.2
Fighting       | |  3.2
Armour         | |  3.2
Shields        | |  4.0

Action                   |  1- 3 |  4- 6 || total
-------------------------+-------+-------++-------
Melee: Flail             |    58 |    93 ||   151
Evoke: Wand              |       |     4 ||     4
  Use: Potion            |     1 |     3 ||     4
Armor: Scale mail        |    18 |    45 ||    63
Dodge: Dodged            |    28 |    55 ||    83
Block: Buckler           |    12 |    21 ||    33

Table legend: (Time is in decaauts)
 A = Elapsed time spent in this place.
 B = Non-inter-level travel time spent in this place.
 C = Inter-level travel time spent in this place.
 D = Time resting spent in this place.
 E = Time spent auto-exploring this place.
 F = Levels seen in this place.
 G = Mean time per level.
                   A        B        C        D        E       F      G
               +--------+--------+--------+--------+--------+-----+--------+
         Total |   1872 |   1808 |     64 |      0 |   1413 |   3 |  624.0 |
       Dungeon |   1872 |   1808 |     64 |      0 |   1413 |   3 |  624.0 |
               +--------+--------+--------+--------+--------+-----+--------+

Top non-repeatable levels by time:
     D:2: 1118 daAuts
     D:1: 639 daAuts
     D:3: 114 daAuts
